Aiuto!, neutral male human Monk * # #### #`#**# # .---- .-###### # #..-- .--...-----### |....| #%#*## ` |<..#|.....I/..## # #--..`| #/##.#####...--|.........-- ## #--.....-..-##%%.|##%#..(##......|...| ###..%%--.....`|...#.#....-|........^.| # |.%%^.%[.......`..| #|...|....`..---- # |...|..%...-.|-..... ...I|---22.----- .. # |....-....| |.....|#.#.-. *..22|-2.-------... # |.-.|#-#.#- |..)..-- # # |..hRL1..|.4......- # |....- # ####-......-### #|...@P1............ |..%(| # |..........--.*#-......I--4......... -#....| -............| |.%.%----|........- ..#-#--## #..|..........| |%.^.|# --....`..-- . # # |..|........-#-` .>....###.)......| ### |........|..|###%[...#I# |...------ --------#---- # --..| ####-..| # # |..| |..| ######## ---- ---- Aiuto! the Student of Metals Experience level: 18 Strength: 25 Dexterity: 18 Constitution: 17 Intelligence: 3 Wisdom: 13 Charisma: 13 Health: 70(144) Energy: 113(113) Def: 19 Gold: 910 Moves: 32906 Dungeon seed: ridXD1yDf8knyfBM Game ID: Aiuto!_1526245655 Your Inventory: Coins $ - 910 gold pieces Armor n - an uncursed rustproof +1 pair of gauntlets of power (being worn) r - an uncursed fireproof +6 elven leather helm named devo incantarlo y - a blessed +4 T-shirt (being worn) z - a cursed +1 robe Y - an uncursed very burnt +4 cloak of protection (being worn) Z - an uncursed +0 pair of water walking boots Comestibles I - 4 uncursed lizard corpses Potions F - an uncursed potion of extra healing Rings L - a cursed ring of free action (on left hand) Wands u - an uncursed wand of probing (0:0) w - an uncursed wand of create monster (0:12) E - an uncursed wand of digging (0:8) K - an uncursed wand of cold (0:6) Q - a cursed wand of create monster (0:10) V - a cursed stainless wand of teleportation (0:1) Tools b - a blessed bag of holding c - a cursed stethoscope f - an uncursed tinning kit (0:39) i - an uncursed lock pick l - the blessed Eyes of the Overworld (being worn) o - an uncursed credit card p - an uncursed +0 unicorn horn v - the uncursed Bell of Opening (0:3) B - an uncursed blindfold G - a cursed +0 pick-axe named il piccone di ferro O - an uncursed pair of lenses P - an uncursed +6 unicorn horn named Strofinami! R - the cursed Candelabrum of Invocation (7 candles attached) (0:400) U - a blessed magic lamp named basta darmi queste cose, gioco, eh Gems q - a blessed luckstone Contents of the bag of holding: a [uncursed] amulet of life saving an uncursed square amulet [of ESP] called ESP! a blessed +4 elven short sword named Aggressive Negotiation a cursed +0 pair of elven boots an uncursed +0 pair of gauntlets of dexterity an uncursed +1 pair of iron shoes an uncursed +1 pair of jumping boots an uncursed greased +2 pair of leather gloves an uncursed -1 pair of levitation boots 7 [uncursed] C-rations 6 uncursed apples a [uncursed] carrot a [uncursed] clove of garlic 5 uncursed food rations 4 uncursed fortune cookies 3 uncursed lizard corpses 6 uncursed oranges 2 [uncursed] sprigs of wolfsbane a blessed scroll of blank paper 8 uncursed scrolls of blank paper a cursed scroll of blank paper a cursed scroll of charging a blessed scroll of confuse monster 3 blessed scrolls of create monster 5 uncursed scrolls of create monster 2 [cursed] scrolls of create monster an uncursed scroll of destroy armor 3 blessed scrolls of enchant weapon a cursed scroll of enchant weapon an uncursed scroll of fire 3 uncursed scrolls of genocide 2 blessed scrolls of gold detection 2 uncursed scrolls of gold detection 5 uncursed scrolls of identify 3 uncursed scrolls of light a [uncursed] scroll of magic mapping 4 blessed scrolls of remove curse a cursed scroll of remove curse 15 uncursed scrolls of teleportation a cursed scroll of teleportation 2 uncursed scrolls of water a cursed scroll of water a [uncursed] spellbook of extra healing 5 uncursed potions of full healing an uncursed potion of gain energy an uncursed potion of healing an uncursed potion of invisibility a blessed potion of monster detection 2 uncursed potions of object detection an uncursed potion of oil a blessed potion of paralysis an uncursed potion of paralysis an uncursed +2 ring of gain constitution a cursed ring of polymorph an uncursed ring of shock resistance an uncursed ring of slow digestion an uncursed ring of sustain ability an uncursed ring of teleport control an uncursed ring of teleportation an uncursed ring of warning an uncursed wand of create monster (0:12) an uncursed wand of create monster (0:10) an uncursed wand of create monster (0:10) a [uncursed] wand of create monster [0:11] a [uncursed] wand of create monster [0:13] a [uncursed] wand of create monster [0:6] a [uncursed] wand of create monster [0:14] a [uncursed] wand of create monster [0:13] an uncursed wand of death (0:6) an uncursed wand of death (0:5) an uncursed wand of digging (0:6) an uncursed wand of digging (0:4) a [uncursed] wand of digging (0:3) a [uncursed] wand of digging [0:6] a [cursed] wand of digging [0:8] a [uncursed] wand of digging [0:4] a [uncursed] wand of digging [0:4] an uncursed wand of enlightenment (0:10) an uncursed wand of lightning (0:4) an uncursed wand of lightning (0:1) a [uncursed] wand of make invisible [0:6] an uncursed wand of polymorph (0:5) a cursed wand of secret door detection (0:11) a [uncursed] wand of secret door detection [0:14] an uncursed wand of sleep (0:7) an uncursed wand of sleep (0:1) a [cursed] wand of sleep [0:7] a [uncursed] wand of sleep [0:4] an uncursed wand of speed monster (0:2) a [uncursed] wand of speed monster [0:2] a [uncursed] wand of speed monster [0:3] an uncursed wand of striking (0:1) an uncursed wand of teleportation (0:7) an uncursed wand of teleportation (0:5) a [uncursed] wand of teleportation [0:4] a [uncursed] can of grease [0:11] Spells and supernatural/magical abilities: Name Level Category Fail Memory a - force bolt 1 attack 100% 60% f - fireball 4 attack 100% 22% h - healing 1 healing 93% 11% j - jumping 1* escape 100% 0% k - knock 1* matter 100% 0% l - light 1* divination 100% 0% m - magic missile 2 attack 100% 9% p - protection 1 clerical 100% 2% r - remove curse 3 clerical 93% 47% s - slow monster 1 enchantment 100% 2% t - teleport away 6 escape 100% 2% u - confuse monster 2 enchantment 100% 84% x - extra healing 3 healing 93% 84% z - sleep 2* enchantment 100% 0% B - cure blindness 2 healing 93% 2% D - drain life 3* attack 100% 0% G - detect treasure 4 divination 100% 26% I - identify 3 divination 100% 25% K - cure sickness 3 healing 93% 23% O - create monster 2 clerical 100% 62% R - restore ability 4 healing 93% 24% T - turn undead 4* clerical 100% 0% W - pray for help -- divine ? -- Your skills at the end: Miscellaneous Skills martial arts [Grand Master] wands [Expert] stealth [Skilled] Weapon Skills shuriken [Basic] Spellcasting Skills attack spells [Skilled] healing spells [Basic] divination spells [Basic] clerical spells [Basic] Final Attributes: You were piously aligned. You were fire resistant. You were cold resistant. You were sleep resistant. You were shock resistant. You were poison resistant. You were magic-protected. You saw invisible. You were warned. You had automatic searching. You were very stealthy. You had teleport control. You were protected. You had free action. You were extremely lucky. You had extra luck. Good luck did not time out for you. You survived. Vanquished creatures: Baalzebub Yeenoghu Juiblex an arch-lich Master Kaen 3 mammoths Vlad the Impaler Medusa a kraken an elder black dragon an elder yellow dragon 11 iron golems 2 master liches 14 red dragons 2 white dragons an orange dragon 13 black dragons 5 blue dragons a green dragon a yellow dragon 3 storm giants 5 deep ettins a glass golem a balrog 12 purple worms 24 minotaurs 16 jabberwocks 12 baluchitheria an Angel a young gray dragon 4 young white dragons a young orange dragon 3 young black dragons 3 young blue dragons 2 young green dragons 27 demiliches 3 stone golems 11 master mind flayers 19 Olog-hai 3 Nazgul 12 pit fiends 4 sandestins 2 hell hounds 3 titanotheres 4 trappers a baby orange dragon 2 baby green dragons a baby yellow dragon a guardian naga 18 disenchanters 76 vampire lords 52 shades 33 skeletons 27 aligned priests 15 captains 37 liches 2 clay golems 6 nurses 9 ice devils 3 nalfeshnees 4 lurkers above an Aleax 3 golden nagas 4 black puddings 24 vampires 41 ghosts 13 ettins 10 lieutenants a tourist 9 winged gargoyles a mind flayer 14 giant mimics 5 fire giants 13 ogre kings 9 Elvenkings 4 ice trolls 36 rock trolls 12 umber hulks a flesh golem 2 doppelgangers 21 hezrous 18 bone devils a salamander 9 large mimics 2 wumpuses 8 long worms 8 couatls 22 stalkers 2 air elementals 5 fire elementals 37 earth elementals 4 water elementals a hill giant 5 giant mummies 2 black nagas 16 elf-lords 40 xorns 16 giant zombies 19 sergeants 17 vrocks 3 wargs 3 winter wolves 2 hell hound pups 10 quantum mechanics 24 small mimics 8 island nymphs 4 glass piercers 2 warhorses a steam vortex 22 xans 6 ettin mummies 6 ogre lords 13 trolls 2 sasquatches 3 wood golems 7 mariliths 2 sharks 2 pyrolisks 3 freezing spheres 11 flaming spheres 4 shocking spheres 2 large cats 5 tigers 9 gargoyles 2 dwarf kings 2 tengu 5 gelatinous cubes 20 ochre jellies 3 crocodiles 7 chameleons 20 leocrottas 7 energy vortices 4 mountain centaurs a giant 4 elf mummies 4 human mummies 2 red nagas 18 green slimes 10 Grey-elves 2 pit vipers 3 pythons a cobra 55 wraiths 14 ettin zombies 3 leather golems 53 soldiers a horned devil 9 succubi 6 incubi 18 giant beetles 10 cockatrices 7 wolves 3 winter wolf cubs 9 black lights 3 lynxes a panther 17 gremlins 57 leprechauns 6 quivering blobs 2 spotted jellies 15 lizards 6 mountain nymphs 4 orc-captains 4 mumakil 6 giant spiders 5 scorpions 6 iron piercers a horse an ice vortex 9 vampire bats 4 forest centaurs 2 gnome kings 4 orc mummies 5 dwarf mummies 8 ogres 4 brown puddings 18 Green-elves 8 rust monsters 20 owlbears 11 yetis a gold golem 2 werewolves 6 piranhas 3 giant eels 7 chickatrices a dog 4 dingos a housecat 4 jaguars 5 dwarf lords 5 blue jellies 3 water nymphs 5 white unicorns 4 black unicorns 4 dust vortices 31 ravens 4 gnome mummies 8 Woodland-elves 8 snakes 11 apes 21 human zombies 4 rope golems 22 soldier ants 10 fire ants 12 yellow lights 3 bugbears 7 imps 2 wood nymphs 8 Mordor orcs 8 Uruk-hai 3 orc shamans 4 rock moles 5 rock piercers a pony 2 fog clouds 2 shriekers 7 violet fungi 12 gnome lords 9 gnomish wizards 6 kobold mummies a red naga hatchling 2 black naga hatchlings 6 gray oozes 2 barrow wights 18 elf zombies 12 ghouls a straw golem 3 paper golems 19 giant ants a puppy 7 floating eyes a kitten 21 dwarves 2 homunculi 2 kobold lords 3 kobold shamans 9 iguanas 5 hill orcs 16 rothes 3 rabid rats 2 jitterbugs 5 giant bats 14 orc zombies 22 dwarf zombies a wererat 42 killer bees 8 coyotes 4 hobbits 5 acid blobs 4 large kobolds 10 geckos 6 hobgoblins 10 giant rats 5 cave spiders 2 brown molds 4 yellow molds 2 green molds 52 gnomes 5 garter snakes 9 manes 11 gnome zombies 7 jackals 3 kobolds 5 newts 4 goblins 18 grid bugs 4 bats 8 lichens 17 kobold zombies 2355 creatures vanquished. Voluntary challenges: You followed a strict vegan diet. You were not invisible. You used a wielded weapon 1 time, starting on turn 11714. You did not use plumbed fixtures. You read items or engraved 257 times, starting on turn 1266. You never genocided any monsters. You polymorphed 63 items, starting on turn 18931. You never changed form. You completed Sokoban on turn 4291, according to the rules. You used no wishes. You never split a pudding. You never wrote Elbereth's name. You violated your moral code, losing 8 points of alignment, starting on turn 17025. Dungeon overview: The Dungeons of Doom: levels 1 to 28 Level 1 a long staircase Level 2 Level 3 a fountain Level 4 stairs to The Gnomish Mines Level 5 a general store, a fountain Level 6 (Leprechauns) Level 7 many fountains Level 8 a scroll shop stairs to Sokoban Level 9 a general store Level 10 Level 11 a temple to Chih Sung-tzu, a fountain Level 12 a fountain Level 13 a fountain Level 14 some fountains portal to The Quest Level 15 Level 16 a fountain Level 17 Level 18 a fountain Level 19 some fountains Level 20 Level 21 Level 22 a temple to Huan Ti Level 23 many trees Level 24 Level 25 Level 26 Level 27 Level 28 a magic chest, a fountain Gehennom: levels 29 to 47 Level 29 a temple to Moloch, a magic chest stairs to The Dungeons of Doom Level 30 Level 31 Level 32 Level 33 Level 34 (death wand) a magic chest Level 35 a fountain Level 36 Level 37 Level 38 Level 39 a magic chest Level 40 stairs to Vlad's Tower Level 41 some shops, an altar to Moloch, a magic chest Level 42 Level 43 a magic chest Level 44 Level 45 Level 46 <- You were here Level 47 The Gnomish Mines: levels 5 to 12 Level 5 stairs to The Dungeons of Doom Level 6 Level 7 (gain level pot) many shops, some altars to Shan Lai Ching and Huan Ti, a magic chest, some fountains Level 8 Level 9 Level 10 Level 11 Level 12 a magic chest The Quest: levels 1 to 6 Level 1 a temple to Moloch, a magic chest portal to The Dungeons of Doom Level 2 Level 3 Level 4 Level 5 Level 6 an altar to Moloch Sokoban: levels 4 to 7 Level 4 (luck) a magic chest Level 5 Level 6 Level 7 a magic chest stairs to The Dungeons of Doom Vlad's Tower: levels 37 to 39 Level 37 a throne Level 38 an altar to Moloch Level 39 stairs to Gehennom History has recorded: On T:1 you entered the Dungeons of Doom to retrieve the Amulet of Yendor! On T:201 you reached level 2 of The Dungeons of Doom. On T:305 you advanced to experience level 2. On T:333 you reached level 3 of The Dungeons of Doom. On T:489 you reached level 4 of The Dungeons of Doom. On T:619 you advanced to experience level 3. On T:701 you reached level 1 of The Gnomish Mines. On T:789 you advanced to experience level 4. On T:873 you advanced to experience level 5. On T:1029 you reached level 2 of The Gnomish Mines. On T:1071 you reached level 3 of The Gnomish Mines. On T:1137 you entered the Minetown temple On T:1138 you advanced to experience level 6. On T:1472 you reached level 5 of The Dungeons of Doom. On T:1545 you reached level 6 of The Dungeons of Doom. On T:1785 you advanced to experience level 7. On T:1937 you reached level 7 of The Dungeons of Doom. On T:2247 you reached level 8 of The Dungeons of Doom. On T:2289 you reached level 4 of Sokoban. On T:2349 you opened a magic chest. On T:2465 you reached level 3 of Sokoban. On T:2829 you reached level 2 of Sokoban. On T:3464 you reached level 1 of Sokoban. On T:3478 you advanced to experience level 8. On T:4291 you advanced to experience level 9. On T:4291 you entered the Sokoban zoo. On T:5363 you reached level 4 of The Gnomish Mines. On T:5509 you reached level 5 of The Gnomish Mines. On T:5581 you reached level 6 of The Gnomish Mines. On T:5686 you reached level 7 of The Gnomish Mines. On T:5690 you advanced to experience level 10. On T:5781 you reached level 8 of The Gnomish Mines. On T:5781 you reached the bottom of the Mines. On T:6379 you reached level 9 of The Dungeons of Doom. On T:6962 you reached level 10 of The Dungeons of Doom. On T:7167 you reached level 11 of The Dungeons of Doom. On T:7320 you prayed to Chih Sung-tzu. On T:7442 you reached level 12 of The Dungeons of Doom. On T:8462 you reached level 13 of The Dungeons of Doom. On T:8772 you reached level 14 of The Dungeons of Doom. On T:8783 you advanced to experience level 11. On T:9062 you reached level 15 of The Dungeons of Doom. On T:9256 you reached level 16 of The Dungeons of Doom. On T:9642 you reached level 17 of The Dungeons of Doom. On T:9642 you entered the Rogue tribute level. On T:9874 you reached level 18 of The Dungeons of Doom. On T:10215 you reached level 19 of The Dungeons of Doom. On T:10582 you reached level 20 of The Dungeons of Doom. On T:10679 you reached level 21 of The Dungeons of Doom. On T:10942 you advanced to experience level 12. On T:11050 you reached level 22 of The Dungeons of Doom. On T:11257 you reached level 23 of The Dungeons of Doom. On T:13306 you advanced to experience level 13. On T:13542 you received Magicbane from Chih Sung-tzu. On T:13932 you advanced to experience level 14. On T:14612 you killed Medusa on level 23 of The Dungeons of Doom. On T:14619 you reached level 24 of The Dungeons of Doom. On T:14904 you reached level 25 of The Dungeons of Doom. On T:15029 you reached level 26 of The Dungeons of Doom. On T:15743 you reached level 27 of The Dungeons of Doom. On T:16239 you reached The Castle. On T:17121 you refused a wish. On T:17335 you refused a wish. On T:18944 you prayed to Chih Sung-tzu. On T:21640 you reached level 1 of The Quest. On T:22212 you reached level 2 of Gehennom. On T:22491 you reached level 3 of Gehennom. On T:22794 you reached level 4 of Gehennom. On T:23365 you reached level 5 of Gehennom. On T:23406 you reached level 6 of Gehennom. On T:23578 you killed Baalzebub on level 6 of Gehennom. On T:23578 you advanced to experience level 15. On T:23596 you reached level 7 of Gehennom. On T:24284 you embarked upon an epic quest. On T:24323 you reached level 2 of The Quest. On T:24470 you reached level 3 of The Quest. On T:24765 you reached level 4 of The Quest. On T:24853 you reached level 5 of The Quest. On T:24952 you reached level 6 of The Quest. On T:25109 you killed Master Kaen on level 6 of The Quest. On T:25473 you completed the quest! On T:25964 you prayed to Chih Sung-tzu. On T:26598 you advanced to experience level 16. On T:26963 you received Trollsbane from Chih Sung-tzu. On T:27733 you advanced to experience level 17. On T:28194 you killed Juiblex on level 7 of Gehennom. On T:28198 you reached level 8 of Gehennom. On T:28309 you reached level 9 of Gehennom. On T:28383 you reached level 10 of Gehennom. On T:28543 you reached level 11 of Gehennom. On T:28802 you killed Yeenoghu on level 9 of Gehennom. On T:28970 you reached level 12 of Gehennom. On T:29231 you reached level 3 of Vlad's Tower. On T:29498 you reached level 2 of Vlad's Tower. On T:29563 you advanced to experience level 18. On T:29577 you reached level 1 of Vlad's Tower. On T:29610 you killed Vlad the Impaler on level 1 of Vlad's Tower. On T:29734 you reached level 13 of Gehennom. On T:30320 you reached level 14 of Gehennom. On T:30444 you reached level 15 of Gehennom. On T:30505 you reached level 16 of Gehennom. On T:30663 you reached level 17 of Gehennom. On T:30701 you reached level 18 of Gehennom. On T:31005 you reached level 19 of Gehennom. Score breakdown: Gold: 910 ( 91 points) Experience: 18 levels ( 1700 points) Exploration: 47 levels ( 1380 points) Discoveries: 131 items ( 2000 points) Variety of kills: 269 monsters ( 2000 points) Major goal: killed Vlad the Impaler ( 2500 points) Survival: quit (score multiplied by 3) Total score: 29013 Latest messages: Hello Aiuto!, the human Monk, welcome back to NetHack! Be careful! New moon tonight. (2x) To quit the game, use the 'save' command (typically on 'S'). You strike the invisible master mind flayer! The rust monster touches you! (2x) Your cloak of protection is not affected. You hear some noises. The invisible demilich zaps a wand of create monster! Something claws the green slime. The green slime misses something. The invisible master mind flayer swings her silver saber at you. The invisible master mind flayer slashes you! The invisible master mind flayer's tentacles suck you! (3x) Your brain is eaten! You feel very stupid! The invisible master mind flayer's tentacles suck you! (2x) Your brain is eaten! You feel stupid! The rust monster misses. (2x) That command is only available in debug mode. (4x) To quit the game, use the 'save' command (typically on 'S'). Final status: Goodbye Aiuto! the Monk, quit... You quit in Gehennom on dungeon level 46 with 29013 points, and 910 pieces of gold, after 32906 moves. You were level 18 with a maximum of 144 hit points when you quit.